 Dungeon Crawl Stone Soup version 0.18-a0-1730-g73f0523 (webtiles) character file.

3082 inmateoo the Grappler (level 9, -6/70 HPs)
             Began as a Vine Stalker Arcane Marksman on Apr 10, 2016.
             Was a Follower of Cheibriados.
             Killed by divine providence
             ... invoked by an orc priest
              (11 damage)
             ... on level 7 of the Dungeon.
             The game lasted 00:11:04 (5521 turns).

inmateoo the Grappler (VSAM)                        Turns: 5521, Time: 00:11:05

Health: -6/70      AC: 24    Str: 18    XL:     9   Next: 89%
Magic:  0/11       EV:  2    Int: 15    God:    Cheibriados [*.....]
Gold:   307        SH:  0    Dex: 22    Spells: 0 memorised, 10 levels left

rFire  + . .     SeeInvis .     e - +9 flail "Biter" {crush, Dex+5}
rCold  . . .     Gourm    .     (armour currently unavailable)
rNeg   + + +     Faith    .     (no shield)
rPois  +         Spirit   +     (helmet currently unavailable)
rElec  .         Dismiss  .     (cloak currently unavailable)
rCorr  .         Reflect  .     (gloves currently unavailable)
SustAt .         Harm     .     (boots currently unavailable)
MR     +....     NoTele   +     (no amulet)
Stlth  ++........               l - ring of protection from fire
                                (no ring)

@: tree-form, very slow, somewhat resistant to hostile enchantments, unstealthy
A: (fangs 0), regeneration 2, magic shield, (antimagic bite), no device heal 3,
rot immunity
a: Bend Time, Renounce Religion


You were on level 7 of the Dungeon.
You worshipped Cheibriados.
Cheibriados was aware of your devotion.
You were not hungry.
You were a tree.
You visited 2 branches of the dungeon, and saw 8 of its levels.
You also visited: Sewer.

You collected 307 gold pieces.

Inventory:

Hand Weapons
 e - the +9 flail "Biter" (weapon) {crush, Dex+5}
   (You found it in a sewer)

   It inflicts extra damage upon your enemies.
   It affects your dexterity (+5).
 m - a +1 dagger of draining
 p - a +2 short sword of speed
 r - a +3 flail of draining
Missiles
 c - 13 javelins (quivered)
 d - 2 throwing nets
Armour
 o - a +2 pair of boots (melded)
 s - a +0 scale mail (melded)
 t - a +0 helmet (melded)
Jewellery
 j - an uncursed ring of flight
 k - an uncursed ring of teleportation
 l - a ring of protection from fire (right branch)
Wands
 w - a wand of flame (25/48)
Scrolls
 u - a scroll of magic mapping
 y - a scroll of remove curse
 z - a scroll of amnesia
 B - 2 scrolls of fear
 C - 2 scrolls of teleportation
 D - a scroll of fog {unknown}
Potions
 v - 2 potions of brilliance
 x - 3 potions of degeneration {unknown}
 E - a potion of beneficial mutation
 F - 3 potions of resistance {unknown}
 H - a potion of magic {unknown}
Books
 b - a book of Debilitation

   Spells                             Type                      Level
   a - Corona                         Hexes                        1
   b - Slow                           Hexes                        2
   c - Gell's Gravitas                Hexes/Translocation          3
   d - Inner Flame                    Hexes/Fire                   3
   e - Cause Fear                     Hexes                        4
   f - Leda's Liquefaction            Hexes/Earth                  4
 n - a book of Burglary

   Spells                             Type                      Level
   a - Swiftness                      Charms/Air                   2
   b - Passwall                       Transmutation/Earth          2
   c - Passage of Golubria            Translocation                4
   d - Lee's Rapid Deconstruction     Earth                        5
   e - Darkness                       Hexes                        6
   f - Invisibility                   Hexes                        6
 q - a book of Geomancy

   Spells                             Type                      Level
   a - Sandblast                      Earth                        1
   b - Passwall                       Transmutation/Earth          2
   c - Stone Arrow                    Conjuration/Earth            3
   d - Petrify                        Transmutation/Earth          4
   e - Lee's Rapid Deconstruction     Earth                        5
 G - a book of Death

   Spells                             Type                      Level
   a - Corpse Rot                     Necromancy                   2
   b - Sublimation of Blood           Necromancy                   2
   c - Agony                          Necromancy                   5
   d - Dispel Undead                  Necromancy                   5
   e - Excruciating Wounds            Charms/Necromancy            5
   f - Bolt of Draining               Conjuration/Necromancy       5
 I - the Incunabulum of the Doomed Escort
   (You found it on level 7 of the Dungeon)

   Spells                             Type                      Level
   a - Summon Small Mammal            Summoning                    1
   b - Corpse Rot                     Necromancy                   2
   c - Aura of Abjuration             Summoning                    5
   d - Simulacrum                     Ice/Necromancy               6
Comestibles
 a - 6 meat rations
 f - 7 bread rations
 i - 2 beef jerkies
 A - 7 slices of pizza


   Skills:
 + Level 5.5 Fighting
 - Level 1.7 Throwing
 + Level 5.1 Dodging
 * Level 10.3 Unarmed Combat
 - Level 1.1 Spellcasting
   Level 3.0 Hexes


You had 10 spell levels left.
You didn't know any spells.

Dungeon Overview and Level Annotations

Branches:
Dungeon (7/15)             Temple (1/1) D:7

Altars:
Ashenzari
Cheibriados
Dithmenos
Elyvilon
Fedhas
Gozag
Kikubaaqudgha
Makhleb
Nemelex Xobeh
Okawaru
Pakellas
Qazlal
Ru
Sif Muna
Trog
Vehumet
Xom
Yredelemnul
Zin
The Shining One


Innate Abilities, Weirdness & Mutations

((You have razor-sharp teeth.))
You heal very quickly.
When hurt, damage is shared between your health and your magic reserves.
((Your bite disrupts and absorbs the magic of your enemies.))
Potions and wands cannot restore your health.
You are immune to rotting.


Message History

* * * LOW HITPOINT WARNING * * *
The orc closely misses you.
The orc priest mumbles some strange prayers to Beogh against you.
Beogh smites you!
* * * LOW HITPOINT WARNING * * *
Drink which item? (? for menu, Esc to quit)
You turn into a tree.
Your +0 helmet melds into your body.
Your +2 pair of boots melds into your body.
Your +0 scale mail melds into your body.
Your roots penetrate the ground.
The orc hits you but does no damage.
The orc warrior hits you but does no damage.
The orc priest hits you but does no damage.
Unknown command.
You closely miss the orc warrior. You punch the orc warrior.
The orc warrior is almost dead.
The orc hits you but does no damage.
The orc warrior hits you but does no damage.
The orc priest mumbles some strange prayers to Beogh against you.
Beogh smites you!
You die...

............# #.#
.............####.#######
..................).....##
......>>..#.............#
#..............#
###............#
#..########..# #.........
.# #.♣o###### # #.oo......
#.o..####. #......
##....## #..... #...###
#....


You could see an orc warrior, 2 orc priests and an orc.

Vanquished Creatures
  Pikel (D:6)
  The ghost of Qrupt the Slicer, a novice KoAs (D:5)
  A human (D:7)
  2 orc warriors
  A sky beast (D:7)
  4 ogres
  5 giant frogs
  A scorpion (D:4)
  4 wights (D:7)
  2 howler monkeys (D:4)
  A centaur zombie (D:7)
  A hound (D:6)
  3 orc priests
  2 centaur skeletons (D:7)
  2 iguanas
  Ijyb (D:3)
  Natasha (thrice) (D:3)
  Terence (D:2)
  6 orc wizards
  A worker ant (D:6)
  4 sheep (D:7)
  Robin (D:4)
  11 adders
  A howler monkey skeleton (D:7)
  2 shadow imps
  9 oozes
  3 worms (D:3)
  3 dart slugs
  16 giant geckos
  30 orcs
  13 ball pythons
  8 giant cockroaches
  19 goblins
  10 hobgoblins
  10 jackals
  2 quokkas (D:5)
  11 bats
  17 giant newts
  7 kobolds
  A quokka skeleton (D:4)
  11 rats
232 creatures vanquished.

Notes
Turn   | Place    | Note
--------------------------------------------------------------
     0 | D:1      | inmateoo the Vine Stalker Arcane Marksman began the quest for the Orb.
     0 | D:1      | Reached XP level 1. HP: 9/9 MP: 3/3
   272 | D:1      | Reached skill level 1 in Unarmed Combat
   375 | D:1      | Reached XP level 2. HP: 14/14 MP: 4/4
   735 | D:1      | Reached skill level 2 in Unarmed Combat
  1081 | D:2      | Reached XP level 3. HP: 17/17 MP: 5/5
  1111 | D:2      | Found a glowing silver altar of Zin.
  1177 | D:2      | Noticed Terence
  1240 | D:2      | Killed Terence
  1240 | D:2      | Reached skill level 3 in Unarmed Combat
  1265 | D:2      | Reached XP level 4. HP: 19/21 MP: 6/6
  1685 | D:2      | Reached skill level 4 in Unarmed Combat
  1872 | D:3      | Noticed Ijyb
  1914 | D:3      | Noticed Natasha
  1925 | D:3      | Killed Natasha
  1925 | D:3      | Reached XP level 5. HP: 9/25 MP: 5/7
  1982 | D:3      | Found a glowing drain.
  1986 | Sewer    | Entered a sewer
  2031 | Sewer    | Reached skill level 5 in Unarmed Combat
  2240 | Sewer    | Reached skill level 1 in Fighting
  2240 | Sewer    | Gained mutation: You heal very quickly. [Vine Stalker growth]
  2240 | Sewer    | Reached XP level 6. HP: 26/30 MP: 5/8
  2550 | Sewer    | Got a scorched flail
  2553 | Sewer    | Reached skill level 6 in Unarmed Combat
  2570 | Sewer    | Identified the +9 flail "Biter" {crush, Dex+5} (You found it in a sewer)
  2897 | D:3      | Noticed Natasha
  2900 | D:3      | Killed Natasha
  2900 | D:3      | Reached XP level 7. HP: 27/35 MP: 5/9
  3074 | D:3      | Noticed Natasha
  3078 | D:3      | Killed Natasha
  3081 | D:3      | Killed Ijyb
  3210 | D:3      | Noticed a moth of wrath
  3214 | D:3      | Found a bloodstained altar of Trog.
  3378 | D:4      | Noticed Robin
  3395 | D:4      | Killed Robin
  3449 | D:4      | Reached skill level 7 in Unarmed Combat
  3517 | D:4      | Gained mutation: You have razor-sharp teeth. [Vine Stalker growth]
  3517 | D:4      | Reached XP level 8. HP: 40/40 MP: 10/10
  4046 | D:5      | Entered Level 5 of the Dungeon
  4182 | D:5      | Reached skill level 8 in Unarmed Combat
  4399 | D:5      | Noticed Qrupt's ghost (novice KoAs)
  4410 | D:5      | Killed Qrupt's ghost
  4704 | D:6      | Reached XP level 9. HP: 27/46 MP: 5/11
  4707 | D:6      | Reached skill level 9 in Unarmed Combat
  4766 | D:6      | Noticed Pikel
  4772 | D:6      | Killed Pikel
  5108 | D:7      | Reached skill level 5 in Fighting
  5137 | D:7      | Found a staircase to the Ecumenical Temple.
  5164 | Temple   | Entered the Ecumenical Temple
  5206 | Temple   | Became a worshipper of Cheibriados the Contemplative
  5312 | D:7      | Reached skill level 10 in Unarmed Combat
  5327 | D:7      | Reached skill level 5 in Dodging
  5363 | D:7      | Reached * piety under Cheibriados
  5508 | D:7      | Identified the Incunabulum of the Doomed Escort
  5519 | D:7      | HP: 2/47 [orc priest/divine providence (7)]
  5521 | D:7      | Killed from afar by an orc priest

Vault maps used:
D:1:      evilmike_arrival_hilbert_curve
D:2:      old_standard_altar, uniq_terence
D:3:      tgw_trog, gup_sewer_entry_bowl, hangedman_decor_push,
          kennysheep_boxes, uniq_iyjb, uniq_natasha
D:4:      kennysheep_the_goblin_king, first_bread,
          hangedman_abyss_or_decor_stabs, hex_medium, uniq_robin
D:6:      uniq_pikel
D:7:      minmay_temple_entry_mist, minmay_misc_feat_more_columns,
          grunt_livestock
Temple:   grunt_circular_temple_18
Sewer:    sewer_frog_island_02

Skill      XL: |  1  2  3  4  5  6  7  8  9 |
---------------+----------------------------+-----
Unarmed Combat | 1 2 3 4 5 6 7 8 10 | 10.3
Fighting       | 1 2 3 4 5 |  5.5
Dodging        | 2 3 5 |  5.1
Throwing       | |  1.7
Spellcasting   | |  1.1
Hexes          | |  3.0

Action                   |  1- 3 |  4- 6 |  7- 9 || total
-------------------------+-------+-------+-------++-------
Melee: Unarmed           |    15 |       |       ||    15
       Dagger            |    58 |       |       ||    58
       Flail             |       |   217 |   242 ||   459
Evoke: Wand              |       |       |     6 ||     6
  Use: Scroll            |       |     7 |     9 ||    16
       Potion            |       |     2 |     1 ||     3
  Eat: Chunk             |     1 |     6 |     9 ||    16
